 Dungeon Crawl Stone Soup version 0.30-b1-2-g02819fbbbe (webtiles) character file.

Game seed: 14199783181312783089

42599 redmage the Arsonist (level 14, 0/93 HPs)
             Began as a Meteoran Earth Elementalist on Aug 1, 2023.
             Was a High Priest of Sif Muna.
             Slain by a centaur warrior (11 damage)
             ... on level 2 of the Orcish Mines.
             The game lasted 01:48:45 (5357 turns).

redmage the Arsonist (Meteoran Earth Elementalist)  Turns: 5357, Time: 01:48:45

Health: 0/93       AC:  7    Str: 10    XL:     14   Next: 98%
Magic:  11/25      EV: 12    Int: 28    God:    Sif Muna [*****.]
Gold:   826        SH:  0    Dex: 15    Spells: 1/27 levels left

rFire   + . .        a - +2 short sword (elec)
rCold   . . .        (no shield)
rNeg    . . .        f - +0 troll leather armour
rPois   .            D - +2 hat
rElec   .            (no cloak)
rCorr   .            (no gloves)
SInv    .            e - +0 pair of boots
Will    +....        m - amulet of magic regeneration
Stlth   +            d - +6 ring of intelligence
HPRegen 1.15/turn    v - ring of protection from fire
MPRegen 0.59/turn

%: no passive effects
@: channelling, glowing
A: sense surroundings 2, otherworldly, glowing, explore regen
a: Renounce Religion, Channel Magic, Forget Spell, Divine Exegesis


You were on level 2 of the Orcish Mines.
You worshipped Sif Muna.
Sif Muna was extremely pleased with you.
You visited 5 branches of the dungeon, and saw 20 of its levels.

You collected 1396 gold pieces.
You spent 570 gold pieces at shops.

Inventory:

Hand Weapons
 a - a +2 short sword of electrocution (weapon)
Missiles
 w - 4 boomerangs (quivered)
 E - 6 curare-tipped darts
Armour
 e - a +0 pair of boots (worn)
 f - a +0 troll leather armour (worn)
 l - a +2 leather armour of poison resistance
 q - a +0 kite shield of protection
 z - +0 fire dragon scales
 D - a +2 hat (worn)
 I - a +2 buckler
 K - a +2 robe of willpower
Magical Staves
 b - a staff of fire
Jewellery
 d - a +6 ring of intelligence (left hand)
 m - an amulet of magic regeneration (around neck)
 t - a ring of willpower
 v - a ring of protection from fire (right hand)
 H - a ring of flight
Wands
 n - a wand of light (6)
 u - a wand of polymorph (6)
 x - a wand of roots (19)
 F - a wand of mindburst (6)
 J - a wand of digging (3)
Scrolls
 c - 2 scrolls of fog
 g - 2 scrolls of vulnerability
 o - 4 scrolls of teleportation
 s - a scroll of blinking
 y - a scroll of brand weapon
 G - a scroll of enchant armour
 L - a scroll of poison
Potions
 h - a potion of mutation
 j - a potion of ambrosia
 k - 8 potions of curing
 p - 3 potions of flight
 r - a potion of cancellation
 A - a potion of haste {unknown}
 B - a potion of magic
 C - 2 potions of lignification
 M - a potion of brilliance {unknown}
 N - a potion of heal wounds {unknown}


   Skills:
 - Level 4.4 Short Blades
 - Level 2.4 Dodging
 - Level 3.1 Stealth
 - Level 4.6 Shields
 - Level 7.0 Spellcasting
 - Level 11.0 Conjurations
 * Level 6.1 Summonings
 * Level 7.6 Translocations
 - Level 7.1 Transmutations
 - Level 12.2 Fire Magic
 - Level 7.4 Ice Magic
 * Level 9.8 Air Magic
 - Level 10.2 Earth Magic
 - Level 10.0 Invocations


You had one spell level left.
You knew the following spells:

 Your Spells              Type           Power      Damage    Failure   Level
a - Sandblast             Erth           100%       2d20      1%          1
b - Passwall              Tmut/Erth      45%        N/A       1%          2
c - Stone Arrow           Conj/Erth      100%       3d13      1%          3
d - Summon Forest         Summ/Tloc      24%        N/A       12%         5
e - Plasma Beam           Fire/Air       32%        2x1d49    12%         6
f - Freezing Cloud        Conj/Ice/Air   29%        6-21      4%          5
z - Passage of Golubria   Tloc           51%        N/A       3%          4

Your spell library contained the following spells:

 Spells                   Type           Power      Damage    Failure   Level
 Foxfire                  Conj/Fire      100%       2x1d9     1%          1
 Kiss of Death            Conj/Necr      100%       2d13      1%          1
 Magic Dart               Conj           100%       1d8       1%          1
 Summon Small Mammal      Summ           100%       N/A       1%          1
 Blink                    Tloc           100%       N/A       1%          2
 Call Imp                 Summ           88%        N/A       1%          2
 Lesser Beckoning         Tloc           100%       N/A       1%          2
 Call Canine Familiar     Summ           44%        N/A       1%          3
 Ignite Poison            Fire/Tmut/Pois 45%        N/A       1%          3
 Mephitic Cloud           Conj/Pois/Air  48%        N/A       1%          3
 Vhi's Electric Charge    Tloc/Air       100%       N/A       1%          3
 Volatile Blastmotes      Fire/Tloc      100%       2d18      1%          3
 Petrify                  Tmut/Erth      55%        N/A       1%          4
 Fireball                 Conj/Fire      33%        3d14      1%          5
 Arcjolt                  Conj/Air       31%        1d41      2%          5
 Cigotuvi's Dreadful Rot  Necr/Pois/Air  56%        N/A       3%          2
 Manifold Assault         Tloc           51%        N/A       3%          4
 Summon Guardian Golem    Hex/Summ       27%        N/A       6%          3
 Starburst                Conj/Fire      33%        6d10      10%         6
 Confusing Touch          Hex            9%         N/A       22%         3
 Tukima's Dance           Hex            9%         N/A       22%         3
 Yara's Violent Unravell  Hex/Tmut       14%        3d7       43%         5
 Dispersal                Tloc           25%        N/A       45%         6
 Orb of Destruction       Conj           32%        9d10      56%         7
 Anguish                  Hex/Necr       4%         N/A       58%         4
 Cause Fear               Hex            4%         N/A       58%         4
 Dispel Undead            Necr           9%         3d8       58%         4
 Spellforged Servitor     Conj/Summ      27%        N/A       88%         7
 Eringya's Noxious Bog    Tmut/Pois      14%        N/A       95%         6
 Dragon Form              Tmut           24%        N/A       98%         7
 Summon Hydra             Summ           22%        N/A       99%         7
 Disjunction              Tloc           25%        N/A       100%        8
 Maxwell's Capacitive Co  Air            30%        ∞         100%        8
 Dragon's Call            Summ           22%        N/A       100%        9


Dungeon Overview and Level Annotations

Branches:
Dungeon (11/15) Zot: 4112  Temple (1/1) D:7 Zot: 500    Lair (5/5) D:8 Zot: 794
  Snake (1/4) Lair:2 Zot: 530   Slime (0/5) Lair:4          Orc (2/2) D:9 Zot: 601
  Swamp: Lair:2-3    Shoals: Lair:2-3       Elf: Orc:2

Altars:
Ashenzari
Cheibriados
Elyvilon
Gozag
Kikubaaqudgha
Makhleb
Nemelex Xobeh
Okawaru
Qazlal
Ru
Sif Muna
Vehumet
Wu Jian
Xom
Yredelemnul
Zin
The Shining One
Jiyva

Shops:
D:7 :

Annotations:
Lair:5 2 transporters, TobyConnect's ghost, journeyman DsGl


Innate Abilities, Weirdness & Mutations

You passively map the area around you.
You are easily found by Zot.
You glow in the dark.
You regain HP and MP as you explore.


Message History

The orc warrior is engulfed in freezing vapours.
The centaur warrior hits you but does no damage.
The centaur warrior barely misses you.
Unknown command.
Unknown command.
You feel better.
The centaur is engulfed in freezing vapours.
The centaur warrior hits you. The centaur warrior kicks you.
The orc warrior is engulfed in freezing vapours. x2
The centaur is engulfed in freezing vapours.
You kill the centaur!
Sif Muna accepts your kill.
Casting: Freezing Cloud (dangerous; 4% risk of failure)
Confirm with . or Enter, or press ? or * to list all spells.
Okay, then.
The centaur warrior hits you.
* * * LOW HITPOINT WARNING * * *
The centaur warrior kicks you.
* * * LOW HITPOINT WARNING * * *
The orc warrior is engulfed in freezing vapours. x2
You kill the orc warrior!
Sif Muna accepts your kill. The centaur warrior hits you!
* * * LOW HITPOINT WARNING * * *
The centaur warrior misses you.
Casting: Freezing Cloud (dangerous; 4% risk of failure)
Confirm with . or Enter, or press ? or * to list all spells.
Aiming: Stone Arrow (safe; 1% risk of failure)
Press: ? - help, Shift-Dir - straight line, f - centaur warrior
Aim: a centaur warrior (moderately wounded, 84% to hit)
The stone arrow misses the centaur warrior.
The stone arrow hits the orc warrior!
You kill the orc warrior!
Sif Muna accepts your kill. The centaur warrior hits you!
* * * LOW HITPOINT WARNING * * *
The centaur warrior completely misses you.
Unknown command.
You feel better. The centaur warrior hits you!
You die...

..oo .o))≈ * .. *... ,.... * ~
...##.o##§§##.., ,
#......)§§§.... ....
#....o§§☼..... ..., ##☼# * * ..##
####§## ,...# ### ##.#c## *....
##.# #..@## ##.... ...### ##..[##
#...#. ...#.# ###...).###
####..... ...#.### #.......#.#
#........ .......## ##..[.....#
####....... ........####.[..)..##
#.##.......
........#.#..^..[...###..........
........#.....).......##....#.#..
..#.....#....<.#......)<...####..


You could see a centaur warrior.

Vanquished Creatures
  Saint Roka (Orc:2)
  2 catoblepae
  6 hydras
  2 death yaks
  A boulder beetle (D:11)
  A skyshark (Lair:5)
  2 orc knights (Orc:2)
  A lindwurm (Lair:5)
  7 black mambas
  2 naga magi (Snake:1)
  5 rime drakes
  8 cane toads
  6 komodo dragons
  A merfolk (Lair:3)
  2 trolls (Orc:2)
  2 polar bears (Lair:5)
  8 hornets
  21 blink frogs
  7 dream sheep (Lair:5)
  13 spriggans (Lair:5)
  A shadow (D:6)
  4 wyverns
  2 steam dragons
  17 yaks
  4 basilisks
  2 wargs
  A naga (Snake:1)
  An acid dragon (D:9)
  6 water moccasins
  9 black bears
  34 orc warriors
  3 ogres
  A boggart (Lair:5)
  18 wolves (Lair:5)
  9 centaurs
  3 phantoms
  A kobold brigand (D:8)
  5 bullfrogs
  A gnoll sergeant (D:7)
  2 scorpions
  6 killer bees
  An electric eel (Lair:1)
  4 crimson imps (D:3)
  3 hounds
  An iron imp (D:8)
  5 jellies
  A gnoll bouda (D:7)
  13 orc priests
  Natasha (D:2)
  12 orc wizards
  9 iguanas
  8 gnolls (D:7)
  5 adders
  A white imp (D:6)
  An ufetubus (D:6)
  50 orcs
  5 endoplasms
  A giant cockroach (D:2)
  3 hobgoblins
  6 kobolds (D:8)
  3 ball pythons (D:2)
  4 bats
  3 goblins
  A bush (Lair:5)
369 creatures vanquished.

Vanquished Creatures (others)
  A bush (Lair:5)
  24 fungi
  31 plants
56 creatures vanquished.

Grand Total: 425 creatures vanquished

Notes
Turn   | Place    | Note
-------+----------+-------------------------------------------
     0 | D:1      | redmage the Meteoran Earth Elementalist began the quest for
                  | the Orb.
     0 | D:1      | Reached XP level 1. HP: 14/14 MP: 5/5
    63 | D:2      | Noticed Natasha
    67 | D:2      | Noticed a cerulean imp
    67 | D:2      | Killed Natasha
    68 | D:2      | Reached XP level 2. HP: 14/20 MP: 2/7
    68 | D:2      | Reached XP level 3. HP: 18/26 MP: 2/8
    78 | D:2      | Reached XP level 4. HP: 33/33 MP: 6/9
   109 | D:2      | Found a faded altar of an unknown god.
   198 | D:3      | Found a shimmering altar of Xom.
   207 | D:3      | Reached skill level 5 in Earth Magic
   207 | D:3      | Reached XP level 5. HP: 38/38 MP: 6/11
   215 | D:3      | Reached XP level 6. HP: 43/45 MP: 1/13
   253 | D:3      | Learned a level 2 spell: Passwall
   257 | D:3      | Learned a level 3 spell: Stone Arrow
   305 | D:3      | Reached skill level 1 in Conjurations
   380 | D:4      | Identified the +4 dagger "Sunes" {drain, Dex+4}
   570 | D:4      | Reached XP level 7. HP: 48/50 MP: 5/14
   637 | D:5      | Entered Level 5 of the Dungeon
   677 | D:5      | Found a broken altar of Ashenzari.
   710 | D:5      | Found a stormy altar of Qazlal.
   755 | D:5      | Reached skill level 5 in Conjurations
   777 | D:5      | Reached XP level 8. HP: 44/57 MP: 11/15
   903 | D:5      | Learned a level 4 spell: Petrify
   979 | D:6      | Noticed a shadow
  1027 | D:6      | Reached skill level 1 in Short Blades
  1066 | D:6      | Killed a shadow
  1067 | D:6      | Reached skill level 5 in Transmutations
  1067 | D:6      | Gained mutation: You passively map the area around you.
                  | [Meteoran growth]
  1067 | D:6      | Reached XP level 9. HP: 6/62 MP: 0/16
  1121 | D:6      | Found a sparkling altar of Nemelex Xobeh.
  1201 | D:7      | Noticed a hornet
  1529 | D:7      | Found a staircase to the Ecumenical Temple.
  1542 | Temple   | Entered the Ecumenical Temple
  1612 | Temple   | Became a worshipper of Sif Muna the Loreminder
  1650 | D:7      | Reached skill level 1 in Invocations
  1683 | D:8      | Learned a level 5 spell: Fireball
  1685 | D:8      | Found a snail-covered altar of Cheibriados.
  1689 | D:8      | Reached skill level 1 in Fire Magic
  1706 | D:8      | Reached skill level 2 in Fire Magic
  1706 | D:8      | Reached XP level 10. HP: 39/69 MP: 9/17
  1709 | D:8      | Reached skill level 3 in Fire Magic
  1742 | D:7      | Reached skill level 4 in Fire Magic
  1771 | D:7      | Found Riunici's Book Boutique.
  1843 | D:8      | Reached skill level 5 in Fire Magic
  1916 | D:8      | Reached * piety under Sif Muna
  1917 | D:8      | Reached skill level 6 in Fire Magic
  1956 | D:10     | Entered Level 10 of the Dungeon
  1975 | D:11     | Noticed a boulder beetle
  1988 | D:11     | Killed a boulder beetle
  1989 | D:11     | Reached skill level 5 in Invocations
  2018 | D:10     | Reached skill level 7 in Fire Magic
  2070 | D:9      | Found an ornate altar of the Wu Jian Council.
  2186 | D:9      | Reached XP level 11. HP: 44/74 MP: 13/18
  2237 | D:9      | Found a staircase to the Orcish Mines.
  2298 | D:9      | Found a basalt altar of Yredelemnul.
  2325 | D:9      | Reached skill level 8 in Fire Magic
  2444 | D:8      | Found a staircase to the Lair.
  2468 | Lair:1   | Entered Level 1 of the Lair of Beasts
  2550 | Lair:3   | Reached skill level 9 in Fire Magic
  2553 | Lair:3   | Noticed a four-headed hydra
  2598 | Lair:3   | Reached skill level 10 in Fire Magic
  2602 | Lair:3   | Reached ** piety under Sif Muna
  2612 | Lair:3   | Noticed a four-headed hydra
  2619 | Lair:3   | Killed a four-headed hydra
  2788 | Lair:3   | Killed a four-headed hydra
  2789 | Lair:3   | Reached skill level 11 in Fire Magic
  2789 | Lair:3   | Reached XP level 12. HP: 73/81 MP: 2/19
  2871 | Lair:4   | Noticed a catoblepas
  2891 | Lair:4   | Killed a catoblepas
  2922 | Lair:4   | Noticed a five-headed hydra
  2938 | Lair:4   | Killed a five-headed hydra
  2939 | Lair:4   | Reached skill level 10 in Earth Magic
  2975 | Lair:4   | Reached skill level 10 in Conjurations
  2975 | Lair:4   | Reached skill level 12 in Fire Magic
  2989 | Lair:4   | Found a staircase to the Slime Pits.
  2989 | Lair:4   | Found a viscous altar of Jiyva.
  3047 | Lair:4   | Learned a level 4 spell: Passage of Golubria
  3065 | Lair:5   | Entered Level 5 of the Lair of Beasts
  3090 | Lair:5   | Noticed a death yak
  3090 | Lair:5   | Noticed a death yak
  3091 | Lair:5   | Noticed a death yak
  3097 | Lair:5   | Noticed a death yak
  3098 | Lair:5   | Killed a death yak
  3098 | Lair:5   | Noticed a death yak
  3107 | Lair:4   | Killed a death yak
  3119 | Lair:4   | Reached skill level 10 in Invocations
  3228 | Lair:5   | Noticed a six-headed hydra
  3230 | Lair:5   | Found a transporter.
  3281 | Lair:5   | Reached skill level 5 in Spellcasting
  3302 | Lair:5   | Reached skill level 1 in Translocations
  3326 | Lair:5   | Killed a six-headed hydra
  3327 | Lair:5   | Reached XP level 13. HP: 80/86 MP: 1/22
  3349 | Lair:5   | Noticed a five-headed hydra
  3366 | Lair:5   | Reached *** piety under Sif Muna
  3398 | Lair:5   | Noticed a catoblepas
  3400 | Lair:5   | Noticed a five-headed hydra
  3415 | Lair:5   | Killed a five-headed hydra
  3447 | Lair:5   | Learned a level 5 spell: Freezing Cloud
  3465 | Lair:5   | Reached skill level 1 in Air Magic
  3470 | Lair:5   | Reached skill level 1 in Ice Magic
  3611 | Lair:5   | Noticed TobyConnect's ghost (journeyman DsGl)
  3619 | Lair:5   | Found a transporter.
  3631 | Lair:5   | Noticed a death yak
  3659 | Lair:5   | Noticed a catoblepas
  3672 | Lair:5   | HP: 4/86 [catoblepas (15)]
  3673 | Lair:5   | Killed a catoblepas
  3702 | Lair:3   | You fall into a shaft and drop 2 floors!
  3813 | Lair:5   | Reached skill level 5 in Air Magic
  3837 | Lair:5   | Reached skill level 1 in Shields
  3868 | Lair:5   | Reached skill level 5 in Ice Magic
  3947 | Lair:5   | Noticed a five-headed hydra
  3953 | Lair:5   | Killed a five-headed hydra
  3953 | Lair:5   | Reached **** piety under Sif Muna
  4018 | Lair:5   | Reached XP level 14. HP: 93/93 MP: 15/25
  4158 | Lair:3   | Learned a level 5 spell: Summon Forest
  4370 | Lair:2   | Reached skill level 1 in Summonings
  4375 | Lair:2   | Reached skill level 5 in Translocations
  4554 | Lair:2   | Found a staircase to the Snake Pit.
  4570 | Snake:1  | Entered Level 1 of the Snake Pit
  4611 | Snake:1  | Learned a level 6 spell: Plasma Beam
  4756 | D:7      | Bought Maxwell's Memoranda for 570 gold pieces
  4782 | Orc:1    | Entered Level 1 of the Orcish Mines
  4785 | Orc:1    | Reached ***** piety under Sif Muna
  4909 | Orc:2    | Entered Level 2 of the Orcish Mines
  5026 | Orc:2    | Received a gift from Sif Muna
  5027 | Orc:2    | Got Yjoneabiqy's Grimoire of the Transposed Faeries {god
                  | gift}
  5079 | Orc:2    | Noticed Saint Roka
  5102 | Orc:2    | Killed Saint Roka
  5103 | Orc:2    | Reached skill level 5 in Summonings
  5357 | Orc:2    | Slain by a centaur warrior

Illustrated notes

Levels and vault maps discovered:
D:1:      dpeg_arrival_lava_altar, layout_basic
D:2:      layout_basic, ebering_ecumenical_altar_abandoned, grunt_ministairs_7,
          uniq_natasha
D:3:      layout_basic, led_xom_imps, uniq_crazy_yiuf_cottage, uniq_jessica
D:4:      layout_loops_corners
D:5:      layout_gridville, overflow_temple_1_default,
          mainiacjoe_overflow_small_starburst
D:6:      layout_loops_ring, nemelex_xobeh_ov_fountains_minmay,
          hangedman_decor_peaks_small, minmay_quadrilaterals
D:7:      layout_loops_ring, grunt_temple_overflow_open,
          minmay_temple_entry_mini_moons, serial_shops, shop_coins
D:8:      nicolae_cairo_tiling_large, layout_basic, slow_altar_1,
          david_lair_generic, minivault_11, kennysheep_crisscross
D:9:      layout_layer_cave, lemuel_crystal_altar,
          yredelemnul_forgotten_temple_becter, orc_0_dummy
D:10:     layout_loops_ring, nicolae_hepliaklqana_hazy_memory, serial_shops,
          shop, uniq_maurice
D:11:     layout_small_grid, nrook_campfire, kennysheep_generic_room_14
Temple:   minmay_temple_curvy_loop
Lair:1:   layout_cellular_growth, minmay_lair_oklob_items,
          nicolae_quartered_pool_super, grunt_megastairs_3
Lair:2:   layout_regular_city, dummy_snake_entry
Lair:3:   layout_layer_cave, elwin_shoals_entry_rooms, st_stairs_5,
          infiniplex_staircase_pool_2, uniq_gastronok
Lair:4:   layout_cave_pods, nicolae_slime_entry_field_trip,
          eino_house_with_fridge, uniq_snorg
Lair:5:   minmay_lair_end_enchanted_forest, layout_gridlike, nzn_ghost_randoct,
          lemuel_fruit_fields
Snake:1:  layout_basic, hangedman_snake_pattern
Orc:1:    layout_caves, basic_altar
Orc:2:    st_orc_rangers, layout_diamond_mine, uniq_saint_roka

Skill      XL: |  1  2  3  4  5  6  7  8  9 10 11 12 13 14 |
---------------+-------------------------------------------+-----
Spellcasting   | 3 4 5 7 |  7.0
Transmutations | 2 3 5 7 |  7.1
Earth Magic    | 4 5 6 7 8 9 10 | 10.2
Conjurations   | 3 5 7 9 10 11 | 11.0
Short Blades   | 2 3 4 |  4.4
Stealth        | 2 3 |  3.1
Invocations    | 2 6 8 10 | 10.0
Fire Magic     | 2 7 11 12 | 12.2
Translocations | 1 4 7 |  7.6
Air Magic      | 6 9 |  9.8
Ice Magic      | 6 7 |  7.4
Shields        | 3 4 |  4.6
Summonings     | 6 |  6.1
Dodging        | |  2.4

Action                     |  1- 3 |  4- 6 |  7- 9 | 10-12 | 13-15 || total
---------------------------+-------+-------+-------+-------+-------++-------
  Melee: Dagger            |       |     1 |    17 |    63 |    11 ||    92
         Punch             |       |       |       |     3 |     1 ||     4
         Short sword       |       |       |       |       |     3 ||     3
         Staff             |       |       |       |       |     3 ||     3
  Throw: Boomerang         |       |       |       |     4 |     1 ||     5
   Cast: Sandblast         |    13 |    44 |    31 |    45 |    88 ||   221
         Stone Arrow       |       |     7 |    73 |   124 |   116 ||   320
         Passwall          |       |       |    14 |     5 |     4 ||    23
         Petrify           |       |       |     4 |    30 |     2 ||    36
         Fireball          |       |       |       |    11 |    34 ||    45
         Freezing Cloud    |       |       |       |       |    37 ||    37
         Plasma Beam       |       |       |       |       |    19 ||    19
         Summon Forest     |       |       |       |       |     1 ||     1
 Invoke: Channel Magic     |       |       |       |       |     3 ||     3
  Evoke: Wand              |       |       |       |     3 |     8 ||    11
    Use: Scroll            |       |     4 |     7 |     9 |     8 ||    28
         Potion            |       |       |       |       |     3 ||     3
   Stab: Petrified         |       |       |     5 |    38 |     7 ||    50
         Petrifying        |       |       |     3 |     4 |       ||     7
 Armour: Robe              |     2 |     6 |     4 |       |       ||    12
         Leather armour    |       |       |    14 |    43 |    27 ||    84
         Troll leather arm |       |       |       |       |     7 ||     7
  Dodge: Dodged            |     2 |    12 |    23 |    71 |    79 ||   187
